 Dungeon Crawl Stone Soup version 0.14-a0-1773-ge500af7 (webtiles) character file.

1925 Mitsuki the Conjurer (level 8, -4/41 HPs)
             Began as a Deep Elf Wizard on Jan 6, 2014.
             Was a Follower of Vehumet.
             Slain by a water moccasin (9 damage)
             ... on Level 6 of the Dungeon.
             The game lasted 00:37:03 (6247 turns).

Mitsuki the Conjurer (Deep Elf Wizard)              Turns: 6247, Time: 00:37:03

HP  -4/41        AC  1     Str  6      XL: 8   Next: 67%
MP  18/27        EV 12     Int 24      God: Vehumet [*.....]
Gold 283         SH  0     Dex 13      Spells:  5 memorised, 13 levels left

rFire  . . .     SeeInvis .     f - +4,+2 elf spear (curse)
rCold  . . .     Clarity  .     a - -1 robe
rNeg   . . .     Conserve .     (no shield)
rPois  .         rCorr    .     b - -2 elf wizard hat
rElec  .         rRot     .     (no cloak)
SustAb . .       Spirit   .     y - +0 pair of dwarf gloves
rMut   .         Warding  .     r - +0 pair of boots
Saprov . . .     Stasis   .     (no amulet)
                                (no ring)
                                (no ring)

@: somewhat resistant to hostile enchantments, fairly stealthy
A: no striking features
a: Renounce Religion


You were on level 6 of the Dungeon.
You worshipped Vehumet.
Vehumet was aware of your devotion.
You were not hungry.

You visited 2 branches of the dungeon, and saw 7 of its levels.

You collected 283 gold pieces.

Inventory:

Hand weapons
 f - a cursed +4,+2 elven spear (weapon)
Armour
 a - a -1 robe (worn)
 b - a -2 elven wizard hat (worn)
 r - a +0 pair of boots (worn)
 y - a +0 pair of dwarven gloves (worn)
Magical devices
 s - a wand of polymorph (16)
 t - a wand of draining (1)
 u - a wand of enslavement (16)
Comestibles
 d - 4 bread rations
 g - 5 meat rations
 h - a chunk of worker ant flesh
Scrolls
 e - 7 scrolls of remove curse
 i - 2 scrolls of blinking
 j - 2 scrolls of amnesia
 k - 2 scrolls of enchant weapon I
 m - 3 scrolls of identify
 n - a scroll of teleportation
 v - 2 scrolls of fog
 x - a scroll of recharging
Jewellery
 l - an uncursed ring of protection from magic {unknown}
Potions
 q - 2 potions of curing
 w - a potion of confusion {unknown}
Books
 c - a book of Minor Magic

   Spells                             Type                      Level
   *Magic Dart                        Conjuration                  1
   Blink                              Translocation                2
   Call Imp                           Summoning                    2
   *Repel Missiles                    Charms/Air                   2
   Slow                               Hexes                        2
   *Conjure Flame                     Conjuration/Fire             3
   *Mephitic Cloud                    Conjuration/Poison/Air       3
 o - a Necronomicon {highlevel}

   This book is beyond your current level of understanding.

   Spells                             Type                      Level
   Haunt                              Necromancy/Summoning         7
   Borgnjor's Revivification          Necromancy                   8
   Death's Door                       Charms/Necromancy            8
   Necromutation                      Transmutation/Necromancy     8


   Skills:
 - Level 0.1 Polearms
 - Level 2.4 Dodging
 - Level 2.4 Stealth
 - Level 8.4 Spellcasting
 - Level 9.0 Conjurations
   Level 1.1 Summonings
   Level 1.1 Translocations
 * Level 1.4 Fire Magic
 * Level 2.3 Air Magic
 + Level 4.0 Poison Magic


You had 13 spell levels left.
You knew the following spells:

 Your Spells              Type           Power        Failure   Level  Hunger
a - Magic Dart            Conj           ####         1%          1    None
b - Repel Missiles        Chrm/Air       ###.......   8%          2    None
c - Mephitic Cloud        Conj/Pois/Air  ####....     2%          3    None
d - Conjure Flame         Conj/Fire      #####...     2%          3    None
e - Sting                 Conj/Pois      ####         1%          1    None


Dungeon Overview and Level Annotations

Branches:
Dungeon (6/16)             Temple (1/1) D:4

Altars:
Ashenzari
Cheibriados
Elyvilon
Kikubaaqudgha
Makhleb
Nemelex Xobeh
Sif Muna
Trog
Vehumet
Yredelemnul
Zin
the Shining One


Message History

You feel sick. The water moccasin barely misses you.
Drink which item? (? for menu, Esc to quit)
You feel better. The water moccasin bites you.
* * * LOW HITPOINT WARNING * * *
The water moccasin bites you.
* * * LOW HITPOINT WARNING * * *
You are poisoned.
The water moccasin poisons you!
Drink which item? (? for menu, Esc to quit)
You feel better. The water moccasin bites you.
* * * LOW HITPOINT WARNING * * *
Casting: Magic Dart
Confirm with . or Enter, or press ? or * to list all spells.
Aiming: Magic Dart
Press: ? - help, Shift-Dir - straight line, f/p - water moccasin
Aim: a water moccasin (heavily wounded)
The magic dart hits the water moccasin.
The water moccasin is severely wounded.
The water moccasin bites you!
You die...

####.# #)#
####.###
#####......#
........%..#
#####.....)#
#...)..#
#......#
#####@##
#..S.# #.####
#...§§§.....
#....§.....
.......S....
###..........
#.........
#........


You could see a water moccasin.

Vanquished Creatures
  The ghost of Mitsuki the Covered, an experienced DDFi of Makhleb (D:6)
  Eustachio (D:5)
  A sky beast (D:5)
  An orc warrior (D:6)
  An ogre (D:4)
  A centaur (D:5)
  2 giant frogs (D:6)
  A crimson imp (D:5)
  A jelly (D:6)
  3 hounds
  3 scorpions (D:4)
  An orc wizard (D:6)
  A worker ant (D:6)
  A giant frog skeleton (D:6)
  Jessica (D:3)
  6 adders
  3 gnolls (D:6)
  5 giant mites
  3 worms
  4 giant geckos
  An ooze (D:3)
  9 orcs
  A ball python (D:1)
  5 giant cockroaches
  5 goblins
  9 hobgoblins
  4 jackals (D:1)
  14 bats
  4 giant newts
  A goblin skeleton (D:5)
  12 kobolds
  11 rats
117 creatures vanquished.

Vanquished Creatures (others)
  A fungus (D:4)
1 creature vanquished.

Grand Total: 118 creatures vanquished

Notes
Turn   | Place    | Note
--------------------------------------------------------------
     0 | D:1      | Mitsuki, the Deep Elf Wizard, began the quest for the Orb.
     0 | D:1      | Reached XP level 1. HP: 10/10 MP: 6/6
   391 | D:1      | Reached XP level 2. HP: 15/15 MP: 6/9
   420 | D:1      | Learned a level 2 spell: Repel Missiles
  1050 | D:2      | Reached XP level 3. HP: 19/19 MP: 5/12
  1055 | D:2      | Learned a level 3 spell: Mephitic Cloud
  1059 | D:2      | Learned a level 3 spell: Conjure Flame
  1649 | D:2      | Reached XP level 4. HP: 24/24 MP: 13/15
  2138 | D:3      | Noticed Jessica
  2146 | D:3      | Killed Jessica
  2224 | D:3      | Reached skill level 5 in Conjurations
  2686 | D:4      | Found a staircase to the Ecumenical Temple.
  2754 | Temple   | Entered the Ecumenical Temple
  2976 | Temple   | Became a worshipper of Vehumet
  3353 | D:4      | Reached XP level 5. HP: 28/28 MP: 16/18
  3427 | D:4      | Noticed an ogre
  3434 | D:4      | Killed an ogre
  3434 | D:4      | Reached skill level 6 in Conjurations
  3790 | D:4      | Reached XP level 6. HP: 32/32 MP: 6/20
  4010 | D:5      | Entered Level 5 of the Dungeon
  4010 | D:5      | Noticed Eustachio
  4094 | D:5      | Killed Eustachio
  4094 | D:5      | Reached skill level 7 in Conjurations
  4216 | D:5      | Reached skill level 8 in Conjurations
  4216 | D:5      | Reached XP level 7. HP: 36/36 MP: 18/21
  4496 | D:5      | Acquired Vehumet's first power
  4496 | D:5      | Offered knowledge of Sting by Vehumet.
  4499 | D:5      | Learned a level 1 spell: Sting
  5363 | D:6      | Reached skill level 9 in Conjurations
  5392 | D:6      | Reached skill level 5 in Spellcasting
  5602 | D:6      | Reached skill level 1 in Poison Magic
  5718 | D:6      | Reached skill level 1 in Air Magic
  5847 | D:6      | Reached XP level 8. HP: 39/41 MP: 15/25
  5903 | D:6      | Noticed Mitsuki's ghost (experienced DDFi)
  5924 | D:6      | Killed Mitsuki's ghost
  6127 | D:6      | Reached skill level 1 in Fire Magic
  6243 | D:6      | HP: 2/41 [water moccasin (7)]
  6247 | D:6      | Slain by a water moccasin

Action                   |  1- 3 |  4- 6 |  7- 9 || total
-------------------------+-------+-------+-------++-------
Melee: Spear             |    30 |    24 |    11 ||    65
 Cast: Magic Dart        |    66 |   111 |   127 ||   304
       Conjure Flame     |     1 |       |       ||     1
       Mephitic Cloud    |       |    11 |    16 ||    27
       Sting             |       |       |    27 ||    27
Evoke: Wand              |       |       |     2 ||     2
  Use: Scroll            |    10 |     8 |     4 ||    22
       Potion            |       |     6 |     3 ||     9
 Stab: Confused          |       |     1 |       ||     1
